 Dungeon Crawl Stone Soup version 0.32-a0-132-g2d33c3cfaf (webtiles) character file.

Game seed: 6356935208281949091

27 zeratav the Sneak (level 3, -1/23 HPs)
             Began as an Octopode Shapeshifter on Feb 9, 2024.
             Slain by a gnoll
             ... wielding a +0 flail
              (14 damage)
             ... on level 1 of the Dungeon.
             The game lasted 00:00:35 (482 turns).

zeratav the Sneak (Octopode Shapeshifter)            Turns: 482, Time: 00:00:35

Health: -1/23      AC:  1    Str: 15    XL:     3   Next: 10%
Magic:  3/3        EV: 13    Int: 12    God:
Gold:   31         SH:  0    Dex: 11    Spells: 2/2 levels left

rFire   . .          .
                       - Unarmed
rCold   . . .        (no shield)
rNeg    . . .        (helmet currently unavailable)
rPois   .            (no amulet)
rElec   .            (no ring)
rCorr   .            (no ring)
SInv    .            (no ring)
Will    .....        (no ring)
Stlth   +++          (no ring)
HPRegen 0.23/turn    (no ring)
MPRegen 0.08/turn    (no ring)
                     (no ring)

%: no passive effects
@: beast-form
A: beast (slay +1), almost no armour, amphibious, 8 rings, camouflage 1,
gelatinous body 1, (nimble swimmer 1), tentacles
a: Begin Untransformation


You were on level 1 of the Dungeon.
You were a hulking beast.
You visited 1 branch of the dungeon, and saw 1 of its levels.

You collected 31 gold pieces.


Innate Abilities, Weirdness & Mutations

You are a hulking beast.
Your limbs bulge with bestial killing power. (Slay +1)
You cannot wear most types of armour.
You are amphibious.
You can wear up to eight rings at the same time.
Your skin changes colour to match your surroundings (Stealth+).
Your rubbery body absorbs attacks. (AC +1, EV +1)
((You are camouflaged when in or above water. (Stealth+)))
You have tentacles for arms and can constrict up to eight enemies at once.


   Skills:
 - Level 1.0 Fighting
 - Level 2.0 Dodging
 + Level 4.0 Stealth
 - Level 3.0 Unarmed Combat
 - Level 3.0 Shapeshifting


You had 2 spell levels left.
You didn't know any spells.
Your spell library was empty.

Inventory:

Talismans
 b - a beast talisman
 c - a flux talisman
Scrolls
 d - 2 scrolls of poison {unknown}
 g - a scroll of immolation {unknown}
 i - a scroll of fog {unknown}
Potions
 a - 2 potions of lignification {!q}
 e - a potion of mutation {unknown}
 f - a potion of curing {unknown}
 h - 3 potions of attraction {unknown}

Dungeon Overview and Level Annotations

Branches:
Dungeon (1/15) Zot: 5519

Altars:

#........#
#.#.....§≈≈§≈...
##.#######
##.......§.... #.#
############. #.#
... ## #.#
#######.# # #.#
#......)# #
#.#####.......##..
#.##.......g......
#.##......h.......
.
#.##.............[
..
#.##...##.........
#.##...###........
#......# ##...##..
#..#...# #### #
########


You could see a gnoll.


Message History

You have reached level 3!
Your experience leads to an increase in your attributes!
Increase (S)trength, (I)ntelligence, or (D)exterity?
You feel stronger. x2
HP[+4] MP[+1]
You now have 23 max hp (+5).
You regained 4 hp, and now have 15/23 hp.
Your mp is fully restored (3).
i - a scroll labelled ZAOHIA KIC NIGUF HP[+8]
Your hp is fully restored (23).
a - 2 potions of lignification {!q} (gained 1)
Found a stone staircase leading down.
A rat comes into view.
A rat is nearby!
A rat is nearby!
A rat is nearby!
A ball python comes into view.
The helpless rat fails to defend itself.
You tentacle-slap the rat.
You kill the rat!
The helpless ball python fails to defend itself.
You tentacle-slap the ball python.
You kill the ball python!
No target in view!
No target in view!
No target in view!
No target in view!
No target in view!
No target in view!
No target in view!
No target in view!
No target in view!
No target in view!
No target in view!
No target in view!
No target in view!
No target in view!
A bat comes into view.
A bat is nearby!
A bat is nearby!
A bat is nearby!
The bat closely misses you.
You completely miss the bat. You grab the bat. You constrict the bat.
The bat closely misses you. x2
You tentacle-slap the bat but do no damage.
You constrict the bat, but do no damage.
The bat closely misses you. The bat hits you. The bat closely misses you.
HP[-1]
You take 1 damage, and now have 22/23 hp.
You barely miss the bat.
You constrict the bat, but do no damage.
The bat closely misses you. The bat hits you.
The bat struggles to escape constriction.
HP[-1]
You take 1 damage, and now have 21/23 hp.
You barely miss the bat. You constrict the bat.
The bat hits you but does no damage. The bat misses you.
The bat struggles to escape constriction.
HP[+1]
You tentacle-slap the bat.
You kill the bat!
Your Stealth skill increases to level 4!
No target in view!
No target in view!
No target in view!
No target in view!
No target in view!
No target in view!
No target in view!
No target in view!
No target in view!
No target in view!
No target in view!
No target in view!
h - 3 cyan potions (gained 2)
A gnoll comes into view. It is wielding a +0 flail.
HP[+1]
Your hp is fully restored (23).
A gnoll is nearby!
A gnoll is nearby!
A gnoll is nearby!
The helpless gnoll fails to defend itself.
You tentacle-slap the gnoll. Your grab misses the gnoll. You squeeze the gnoll.
You tentacle-slap the gnoll. Your grab misses the gnoll.
The gnoll hits you with a +0 flail.
HP[-5]
You take 5 damage, and now have 18/23 hp.
MASSIVE DAMAGE!! (PAUSE)
You barely miss the gnoll. You grab the gnoll.
You constrict the gnoll, but do no damage.
The gnoll hits you with a +0 flail.
HP[-5]
You take 5 damage, and now have 13/23 hp.
MASSIVE DAMAGE!! (PAUSE)
You tentacle-slap the gnoll but do no damage.
You constrict the gnoll, but do no damage.
The gnoll hits you with a +0 flail!
Ouch! That really hurt!
You die...

Skill      XL: |  1  2  3 |
---------------+----------+-----
Stealth        | 2 3 4 |  4.0
Fighting       | |  1.0
Dodging        | |  2.0
Unarmed Combat | |  3.0
Shapeshifting  | |  3.0

Action                     || total
---------------------------++-------
  Melee: Unarmed           ||    45
         Constrict         ||    11
         Tentacles         ||     8
         Punch             ||     3
   Stab: Sleeping          ||     8
 Armour: Skin              ||    18
  Dodge: Dodged            ||    16

Levels and vault maps discovered:
D:1:      lemuel_arrival_lava_pool, layout_rooms, minmay_split_cup_large

Notes
Turn   | Place    | Note
-------+----------+-------------------------------------------
     0 | D:1      | zeratav the Octopode Shapeshifter began the quest for the
                  | Orb.
     0 | D:1      | Reached XP level 1. HP: 13/13 MP: 1/1
     0 | D:1      | magus.rc [v1.9.6]
    17 | D:1      | HP: 3/13 [frozen (4)]
    19 | D:1      | Reached skill level 1 in Stealth
    21 | D:1      | Reached skill level 2 in Stealth
    74 | D:1      | Reached XP level 2. HP: 11/18 MP: 2/2
   205 | D:1      | Reached skill level 3 in Stealth
   339 | D:1      | Reached XP level 3. HP: 15/23 MP: 3/3
   439 | D:1      | Reached skill level 4 in Stealth
   482 | D:1      | Slain by a gnoll

Vanquished Creatures
  2 ball pythons (D:1)
  4 endoplasms (D:1)
  A giant cockroach (D:1)
  3 goblins (D:1)
  3 hobgoblins (D:1)
  A quokka (D:1)
  5 bats (D:1)
  3 rats (D:1)
22 creatures vanquished.

Table legend:
 A = Non-vault XP
 B = Vault XP
 C = Vault XP percentage of total XP
 D = Non-vault monster count
 E = Vault monster count
 F = Vault count percentage of total count
                 A         B        C        D         E       F
            +---------+---------+-------+---------+---------+-------
      Total |      31 |       8 |  20.5 |      18 |       4 |  18.2
            +---------+---------+-------+---------+---------+-------
        D:1 |      31 |       8 |  20.5 |      18 |       4 |  18.2
            +---------+---------+-------+---------+---------+-------

Skill      XL: |  1  2  3 |
---------------+----------+-----
Stealth        | 2 3 4 |  4.0
Fighting       | |  1.0
Dodging        | |  2.0
Unarmed Combat | |  3.0
Shapeshifting  | |  3.0

Action                     || total
---------------------------++-------
  Melee: Unarmed           ||    45
         Constrict         ||    11
         Tentacles         ||     8
         Punch             ||     3
   Stab: Sleeping          ||     8
 Armour: Skin              ||    18
  Dodge: Dodged            ||    16

Illustrated notes

Table legend:
 A = Kills in this place as a percentage of kills in the entire game.
 B = Kills by you in this place as a percentage of kills by you in the entire game.
 C = Kills by friends in this place as a percentage of kills by friends in the entire game.
 D = Other kills in this place as a percentage of other kills in the entire game.
 E = Experience gained in this place as a percentage of experience gained in the entire game.
 F = Experience gained in this place divided by the number of levels of this place that you have seen.
                   A       B       C       D       E      F
               +-------+-------+-------+-------+-------+----------------------
         Total | 100.0 | 100.0 |   N/A |   N/A | 100.0 |  39.0
       Dungeon | 100.0 | 100.0 |   N/A |   N/A | 100.0 |  39.0
               +-------+-------+-------+-------+-------+----------------------

Table legend: (Time is in decaauts)
 A = Elapsed time spent in this place.
 B = Non-inter-level travel time spent in this place.
 C = Inter-level travel time spent in this place.
 D = Time resting spent in this place.
 E = Time spent auto-exploring this place.
 F = Levels seen in this place.
 G = Mean time per level.
                   A        B        C        D        E       F      G
               +--------+--------+--------+--------+--------+-----+--------+
         Total |    479 |    479 |      0 |     39 |    323 |   1 |  479.0 |
       Dungeon |    479 |    479 |      0 |     39 |    323 |   1 |  479.0 |
               +--------+--------+--------+--------+--------+-----+--------+

Top non-repeatable levels by time:
     D:1: 479 daAuts
